 Dungeon Crawl Stone Soup version 0.18.1-2-ga659475 (webtiles) character file.

427 oplop the Sneak (level 6, 0/48 HPs)
             Began as a Vine Stalker Assassin on May 8, 2016.
             Slain by Chiseanne's ghost (4 damage)
             ... on level 4 of the Dungeon.
             The game lasted 00:05:18 (2080 turns).

oplop the Sneak (Vine Stalker Assassin)             Turns: 2080, Time: 00:05:19

Health: 0/48       AC: 23    Str: 13    XL:     6   Next: 97%
Magic:  0/7        EV:  2    Int: 11    God:
Gold:   214        SH:  5    Dex: 21    Spells: 0 memorised, 5 levels left

rFire  . . .     SeeInvis +     a - +2 dagger
rCold  . . .     Gourm    .     (armour currently unavailable)
rNeg   + + +     Faith    .     (no shield)
rPois  +         Spirit   +     (helmet currently unavailable)
rElec  .         Dismiss  .     (cloak currently unavailable)
rCorr  .         Reflect  +     (gloves currently unavailable)
SustAt .         Harm     .     (boots currently unavailable)
MR     .....     NoTele   +     x - +5 amulet of reflection
Stlth  +++++.....               v - ring of see invisible
                                l - +3 ring of dexterity

@: tree-form, slowed, very slow, not resistant to hostile enchantments, quite
stealthy
A: (fangs 0), regeneration 2, magic shield, (antimagic bite), no device heal 3,
rot immunity
a: no special abilities


You were on level 4 of the Dungeon.
You were not hungry.
You were a tree.
You visited 1 branch of the dungeon, and saw 4 of its levels.

You collected 214 gold pieces.

Inventory:

Hand Weapons
 a - a +2 dagger (weapon)
 b - a +0 blowgun
Missiles
 e - 24 poisoned needles
 f - 2 curare-tipped needles
 m - 4 poisoned javelins (quivered)
Armour
 c - a +0 robe
 d - a +0 cloak (melded)
 C - a +1 robe of fire resistance (melded)
Jewellery
 l - a +3 ring of dexterity (left branch)
 v - a ring of see invisible (right branch)
 x - a +5 amulet of reflection (around neck)
Wands
 y - a wand of acid (4/15)
Scrolls
 k - a scroll of blinking {unknown}
 n - 2 scrolls of remove curse {unknown}
 p - 2 scrolls of teleportation {unknown}
 q - 2 scrolls of amnesia {unknown}
 r - 2 scrolls of identify {unknown}
 w - a scroll of fog {unknown}
 z - a scroll of enchant weapon {unknown}
 A - a scroll of noise {unknown}
 E - a scroll of magic mapping {unknown}
 F - a scroll of random uselessness {unknown}
Potions
 h - a potion of brilliance {unknown}
 i - 2 potions of degeneration {unknown}
 j - 4 potions of lignification
 o - a potion of agility {unknown}
 s - 2 potions of flight {unknown}
 B - 2 potions of curing {unknown}
Comestibles
 g - 3 bread rations
 t - 4 meat rations
 u - 2 slices of pizza
 D - 3 chunks of flesh


   Skills:
 + Level 3.2 Fighting
 + Level 3.3 Short Blades
 + Level 3.2 Throwing
 + Level 2.5 Dodging
 + Level 6.3 Stealth


You had 5 spell levels left.
You didn't know any spells.

Dungeon Overview and Level Annotations

Branches:
Dungeon (4/15)
 Temple: D:4-7

Altars:
Sif Muna

Annotations:
D:4 Chiseanne's ghost, novice HuEn


Innate Abilities, Weirdness & Mutations

((You have extremely sharp teeth.))
You heal very quickly.
When hurt, damage is shared between your health and your magic reserves.
((Your bite disrupts and absorbs the magic of your enemies.))
Potions and wands cannot restore your health.
You are immune to rotting.


Message History

Chiseanne's ghost completely misses you.
Chiseanne's ghost hits you.
* * * LOW HITPOINT WARNING * * *
Drink which item? (? for menu, Esc to quit)
It was a potion of lignification.
You turn into a tree.
Your +0 cloak melds into your body.
Your +1 robe of fire resistance melds into your body.
You feel less resistant to fire.
Your roots penetrate the ground.
You feel less confused.
Chiseanne's ghost hits you but does no damage.
You hit Chiseanne's ghost but do no damage.
Chiseanne's ghost hits you but does no damage.
Chiseanne's ghost points at you and mumbles some strange words.
You resist with significant effort.
You hit Chiseanne's ghost but do no damage.
Chiseanne's ghost hits you but does no damage.
You hit Chiseanne's ghost.
Chiseanne's ghost is lightly damaged.
Chiseanne's ghost hits you.
You die...

#....).#..
#........#.....
#......#.#
##.#..#.#......
#......#.#
##.#.........#
#......#.#
##..#......##
#####....# ##........#
#[###### ###..##..##
#.#....# #.#.##....
#....#.# ##.#.#..#..#.
######♣###.....#..#..#.
#....W.......#..<..#
#.##.##......#.....#
#.##(##........<.....
#....##.....##.....##
#################..#
.>. #.## ..


You could see Chiseanne's ghost.

Vanquished Creatures
  Sigmund (D:2)
  Crazy Yiuf (D:2)
  2 hounds (D:4)
  Terence (D:2)
  Robin (D:2)
  7 adders
  An ooze (D:2)
  A worm (D:2)
  A dart slug (D:1)
  5 orcs
  2 ball pythons
  3 giant cockroaches
  9 hobgoblins
  A quokka (D:3)
  A ball python skeleton (D:4)
  8 bats
  6 giant newts
  11 goblins
  3 kobolds
  2 quokka skeletons (D:4)
  5 rats
72 creatures vanquished.

Notes
Turn   | Place    | Note
--------------------------------------------------------------
     0 | D:1      | oplop the Vine Stalker Assassin began the quest for the Orb.
     0 | D:1      | Reached XP level 1. HP: 11/11 MP: 2/2
    57 | D:1      | Reached skill level 1 in Dodging
   109 | D:1      | Reached XP level 2. HP: 15/15 MP: 3/3
   205 | D:1      | Reached skill level 5 in Stealth
   542 | D:2      | Reached XP level 3. HP: 7/18 MP: 0/4
   642 | D:2      | Noticed Terence
   647 | D:2      | Found a faded altar to an unknown god.
   675 | D:2      | Killed Terence
   675 | D:2      | Reached XP level 4. HP: 23/23 MP: 5/5
   754 | D:2      | Noticed Sigmund
   935 | D:2      | Noticed Robin
   950 | D:2      | Killed Robin
  1034 | D:2      | Killed Sigmund
  1034 | D:2      | Reached skill level 6 in Stealth
  1034 | D:2      | Reached XP level 5. HP: 11/28 MP: 2/6
  1034 | D:2      | Gained mutation: You heal very quickly. [Vine Stalker growth]
  1034 | D:2      | Reached XP level 6. HP: 12/32 MP: 2/7
  1273 | D:2      | Noticed Crazy Yiuf
  1288 | D:2      | Killed Crazy Yiuf
  1690 | D:3      | Found a deep blue altar of Sif Muna.
  1887 | D:4      | Noticed Chiseanne's ghost (novice HuEn)
  2076 | D:4      | HP: 1/32 [Chiseanne's ghost (5)]
  2080 | D:4      | Slain by Chiseanne's ghost

Skill      XL: |  1  2  3  4  5  6 |
---------------+-------------------+-----
Dodging        | 1 2 |  2.5
Throwing       | 2 3 |  3.2
Short Blades   | 2 3 |  3.3
Stealth        | 5 6 |  6.3
Fighting       | 2 3 |  3.2

Action                   |  1- 3 |  4- 6 || total
-------------------------+-------+-------++-------
Melee: Dagger            |    49 |   114 ||   163
       Bite              |    11 |    37 ||    48
 Fire: Blowgun           |       |     3 ||     3
Throw: Javelin           |     1 |    13 ||    14
  Use: Potion            |       |     1 ||     1
 Stab: Sleeping          |     6 |    16 ||    22
       Distracted        |     1 |     1 ||     2
  Eat: Chunk             |       |     4 ||     4
Armor: Robe              |    14 |    16 ||    30
       Skin              |       |     3 ||     3
Dodge: Dodged            |    35 |    65 ||   100
Block: Other             |       |     2 ||     2
